 Dungeon Crawl Stone Soup version 0.28-b1-70-g80dc712255 (webtiles) character file.

Game seed: 16905310599799425189

17 pkoi the Slasher (level 2, 0/25 HPs)
             Began as a Minotaur Gladiator on Feb 3, 2022.
             Succumbed to a goblin's poison
             ... on level 2 of the Dungeon.
             The game lasted 00:00:37 (867 turns).

pkoi the Slasher (Minotaur Gladiator)                Turns: 867, Time: 00:00:37

Health: 0/25       AC:  4    Str: 18    XL:     2   Next: 44%
Magic:  1/1        EV: 12    Int:  5    God:
Gold:   83         SH:  0    Dex: 11    Spells: 1/1 levels left

rFire   . . .      SeeInvis .   g - +0 scimitar
rCold   . . .      Faith    .   (no shield)
rNeg    . . .      Spirit   .   b - +0 leather armour
rPois   .          Reflect  .   c - +0 hat
rElec   .          Harm     .   (no cloak)
rCorr   .          Rampage  .   f - +0 pair of gloves
Will    .....                   (no boots)
Stlth   +.........              (no amulet)
HPRegen 0.08/turn               (no ring)
MPRegen 0.07/turn               (no ring)

@: lethally poisoned (0 -> -12)
A: horns 2, retaliatory headbutt
a: no special abilities


You were on level 2 of the Dungeon.
You visited 1 branch of the dungeon, and saw 2 of its levels.

You collected 83 gold pieces.

Inventory:

Hand Weapons
 a - a +0 long sword
 g - a +0 scimitar (weapon)
Missiles
 d - 3 throwing nets (quivered)
Armour
 b - a +0 leather armour (worn)
 c - a +0 hat (worn)
 f - a +0 pair of gloves (worn)
Scrolls
 h - a scroll of silence {unknown}
Potions
 e - a potion of degeneration {unknown}


   Skills:
 + Level 2.8 Fighting
 * Level 4.2 Long Blades
 - Level 2.0 Throwing
 + Level 1.1 Armour
 - Level 3.2 Dodging


You had one spell level left.
You didn't know any spells.
Your spell library was empty.

Dungeon Overview and Level Annotations

Branches:
Dungeon (2/15)

Altars:

Annotations:
D:2 Robin


Innate Abilities, Weirdness & Mutations

You have a pair of horns on your head.
You reflexively headbutt those who attack you in melee.


Message History

There are monsters nearby!
There are monsters nearby!
There are monsters nearby!
The hobgoblin shouts!
A hobgoblin comes into view.
A hobgoblin comes into view.
The hobgoblin shouts!
A hobgoblin comes into view.
You barely miss the hobgoblin. The hobgoblin closely misses you.
Robin of the Strong Arm comes into view.
They are wielding a +2 vorpal mace.
A goblin comes into view. It is wielding a +0 dagger.
The hobgoblin hits you.
The goblin shouts!
You hit the hobgoblin.
The hobgoblin is almost dead.
A goblin comes into view. It is wielding a +0 dagger.
The hobgoblin barely misses you.
You slash the hobgoblin!
You kill the hobgoblin!
A hobgoblin comes into view.
You closely miss the goblin. Your headbutt misses the goblin.
The goblin hits you with a +1 dagger of venom.
You are poisoned.
Robin roars a battlecry!
The goblins go into a battle-frenzy!
You barely miss the goblin.
You feel very sick.
The goblin hits you with a +1 dagger of venom.
You are lethally poisoned!
A goblin comes into view. It is wielding a +0 club.
Robin throws the goblin at you! The goblin barely misses you.
You furiously retaliate!
You headbutt the goblin.
You kill the goblin!
You barely miss the goblin.
You feel very sick. The goblin misses you. The goblin hits you with a +0 club.
* * * LOW HITPOINT WARNING * * *
Unknown command.
You barely miss the goblin.
You die...

## #. #.## #..##
##...##
##.....####
#.........#
##.....##g#####g.#
##...###.@g.gggg.
#.<## #######...
#.........
#...######. #.###
#. #. #.


You could see Robin, 4 hobgoblins and 2 goblins.

Vanquished Creatures
  A bat (D:1)
  3 endoplasms (D:1)
  3 giant cockroaches (D:1)
  2 goblins
  2 hobgoblins
  A frilled lizard (D:1)
  A kobold (D:1)
  2 rats (D:1)
15 creatures vanquished.

Notes
Turn   | Place    | Note
-------+----------+-------------------------------------------
     0 | D:1      | pkoi the Minotaur Gladiator began the quest for the Orb.
     0 | D:1      | Reached XP level 1. HP: 18/18 MP: 0/0
   227 | D:1      | Reached skill level 4 in Long Blades
   228 | D:1      | Reached XP level 2. HP: 25/25 MP: 1/1
   311 | D:1      | Reached skill level 1 in Armour
   388 | D:1      | Found a faded altar of an unknown god.
   861 | D:2      | Noticed Robin
   867 | D:2      | Succumbed to a goblin's poison

Illustrated notes

Levels and vault maps discovered:
D:1:      nicolae_arrival_somewhat_less_tricky_arrival, layout_loops_ring,
          shapermc_ecumenical_altar_venn
D:2:      layout_loops_ring, uniq_robin, uniq_natasha

Skill      XL: |  1  2 |
---------------+-------+-----
Long Blades    | 4 |  4.2
Armour         | 1 |  1.1
Fighting       | |  2.8
Throwing       | |  2.0
Dodging        | |  3.2

Action                   || total
-------------------------++-------
Melee: Scimitar          ||    23
       Long sword        ||     3
Armor: Leather armour    ||     9
Dodge: Dodged            ||    14
